 Dungeon Crawl Stone Soup version 0.24.0-123-gd5b16e6ec5 (webtiles) character file.

Game seed: 9604744943025441165, levelgen mode: deterministic

1153 Stornor41 the Caller (level 8, -7/99 HPs)
             Began as a Centaur Summoner on Jan 8, 2020.
             Was an Initiate of Cheibriados.
             Mangled by an orc warrior
             ... wielding a cursed -1 scimitar
              (8 damage)
             ... on level 6 of the Dungeon on Jan 16, 2020.
             The game lasted 00:48:41 (5573 turns).

Stornor41 the Caller (Centaur Summoner)             Turns: 5573, Time: 00:48:41

Health: -7/99      AC: 24    Str: 13 (14) XL:     8   Next: 16%
Magic:  4/10       EV:  1    Int: 13 (15) God:    Cheibriados [......]
Gold:   246        SH:  0    Dex: 14 (16) Spells: 0/10 levels left

rFire    . . .     SeeInvis .   a - +2 mace (holy)
rCold    + . .     Gourm    .   (no shield)
rNeg     + + +     Faith    .   (armour currently unavailable)
rPois    +         Spirit   .   (helmet currently unavailable)
rElec    .         Reflect  .   (cloak currently unavailable)
rCorr    .         Harm     .   (gloves currently unavailable)
MR       .....     NoTele   +   (no barding)
Stlth    +++.......             (no amulet)
HPRegen  0.26/turn              i - ring of protection from cold
MPRegen  0.12/turn              (no ring)

@: agile, tree-form, very slightly contaminated, very slow
A: large
a: Bend Time, Renounce Religion


You were on level 6 of the Dungeon.
You worshipped Cheibriados.
Cheibriados was noncommittal.
You were very hungry.
You were a tree.
You visited 1 branch of the dungeon, and saw 6 of its levels.

You collected 246 gold pieces.

Inventory:

Hand Weapons
 a - a +2 mace of holy wrath (weapon)
 b - a +0 hunting sling
 t - a +0 flail
 v - a +0 whip of freezing
Missiles
 g - 18 sling bullets
Armour
 d - a +0 pair of gloves (melded)
 h - a +1 centaur barding (melded)
 p - a +0 cloak of magic resistance (melded)
 u - a +0 scale mail (melded)
Jewellery
 i - a ring of protection from cold (left branch)
Wands
 q - a wand of flame (8)
Scrolls
 f - a scroll of fog {unknown}
 l - 3 scrolls of remove curse
 m - 3 scrolls of immolation
 n - 2 scrolls of blinking
 o - a scroll of teleportation
 r - a scroll of magic mapping
Potions
 e - a potion of flight
Comestibles
 c - 6 rations


   Skills:
 + Level 4.3 Fighting
 + Level 3.5 Maces & Flails
 + Level 4.3 Slings
 - Level 1.3 Dodging
 + Level 3.0 Stealth
 - Level 1.5 Spellcasting
 + Level 5.5 Summonings


You couldn't memorise any spells.
You knew the following spells:

 Your Spells              Type           Power        Failure   Level  Hunger
a - Summon Small Mammal   Summ           ###.         2%          1    ##.....
b - Call Imp              Summ           ###.....     4%          2    ###....
c - Call Canine Familiar  Summ           ###.....     9%          3    ####...
d - Corona                Hex            #......      26%         1    ##.....
e - Confuse               Hex            #.......     63%         3    ####...

Your spell library contained the following spells:

 Spells                   Type           Power        Failure   Level  Hunger
 Summon Guardian Golem    Hex/Summ       #.......     26%         3    ####...
 Ensorcelled Hibernation  Hex/Ice        #.....       38%         2    ###....
 Dazzling Spray           Conj/Hex       #.....       63%         3    ####...
 Tukima's Dance           Hex            #.......     63%         3    ####...
 Summon Ice Beast         Ice/Summ       #.......     63%         4    #####..
 Summon Lightning Spire   Summ/Air       #.......     63%         4    #####..


Dungeon Overview and Level Annotations

Branches:
Dungeon (6/15)
 Temple: D:4-7

Altars:
Ashenzari
Cheibriados
Fedhas
Makhleb
Ru
Trog
Vehumet
Yredelemnul
Zin


Innate Abilities, Weirdness & Mutations

((You have hooves in place of feet.))
((Armour fits poorly on your strangely shaped body.))
((You cover ground very quickly.))
((You have extremely tough skin. (AC +3)))


Message History

* * * LOW HITPOINT WARNING * * *
It was a potion of degeneration.
There was something very wrong with that liquid.
You feel weakened.
You feel dopey.
You feel clumsy.
It was a potion of agility.
You feel agile all of a sudden.
The orc warrior hits you with a cursed -1 scimitar.
* * * LOW HITPOINT WARNING * * *
Okay, then.
You hit the orc warrior but do no damage.
The orc warrior is severely wounded.
The orc warrior hits you with a cursed -1 scimitar.
* * * LOW HITPOINT WARNING * * *
You hit the orc warrior but do no damage.
The orc warrior is severely wounded.
The orc warrior hits you but does no damage.
You completely miss the orc warrior.
The orc warrior is severely wounded.
The orc warrior hits you with a cursed -1 scimitar!
You die...

.. oo .. #. #.
#. ###
#.#########.##
#.((..(ooo♣#.#
###########.##
#># #.#
#######.##
.........#
.######..#
#..# ######..#


You could see an orc warrior and 2 orcs.

Vanquished Creatures
  Pikel (D:5)
  An ice beast (D:5)
  Blork the orc (D:5)
  A big kobold (D:3)
  2 bullfrog zombies (D:5)
  A crimson imp (D:5)
  2 bullfrog skeletons (D:5)
  Natasha (D:3)
  A worker ant (D:5)
  A gnoll (D:1)
  3 adders
  A shadow imp (D:4)
  An ooze (D:3)
  3 dart slugs
  4 leopard geckos
  3 orcs
  5 bats
  4 giant cockroaches
  7 goblins
  10 hobgoblins
  A quokka (D:4)
  2 ball pythons
  4 frilled lizards
  4 kobolds
  4 rats
68 creatures vanquished.

Vanquished Creatures (collateral kills)
  Sigmund (D:3)
  A slave (D:5)
  A bullfrog (D:3)
  A bullfrog zombie (D:4)
  Crazy Yiuf (D:4)
  A worker ant (D:4)
  A hound skeleton (D:4)
  An adder (D:2)
  A leopard gecko (D:1)
  2 orcs
  A ball python (D:4)
  2 bats
  4 goblins
  2 kobolds (D:3)
  A quokka (D:3)
  A frilled lizard (D:1)
  4 rats
26 creatures vanquished.

Grand Total: 94 creatures vanquished

Notes
Turn   | Place    | Note
-------+----------+-------------------------------------------
     0 | D:1      | Stornor41 the Centaur Summoner began the quest for the Orb.
     0 | D:1      | Reached XP level 1. HP: 14/14 MP: 3/3
     0 | D:1      | Summ
     0 | D:1      | Fighting
     0 | D:1      | Slings
     0 | D:1      | Stealth
     0 | D:1      | Maces/Flails
   176 | D:1      | Reached skill level 1 in Fighting
   178 | D:1      | Reached XP level 2. HP: 23/23 MP: 1/4
   249 | D:1      | Reached skill level 4 in Summonings
   307 | D:1      | Reached XP level 3. HP: 18/28 MP: 0/5
   317 | D:1      | Learned a level 3 spell: Call Canine Familiar
  1089 | D:2      | Found a snail-covered altar of Cheibriados.
  1090 | D:2      | Found a glowing silver altar of Zin.
  1090 | D:2      | Found a blossoming altar of Fedhas.
  1093 | D:2      | Found a radiant altar of Vehumet.
  1095 | D:2      | Found a shattered altar of Ashenzari.
  1095 | D:2      | Found a burning altar of Makhleb.
  1096 | D:2      | Found a basalt altar of Yredelemnul.
  1098 | D:2      | Became a worshipper of Cheibriados the Contemplative
  1140 | D:2      | Reached skill level 1 in Slings
  1849 | D:3      | Noticed a bullfrog
  2209 | D:3      | Reached XP level 4. HP: 25/36 MP: 4/6
  2212 | D:3      | Noticed Sigmund
  2554 | D:3      | Learned a level 2 spell: Call Imp
  2647 | D:3      | Noticed Natasha
  2655 | D:3      | Killed Natasha
  2655 | D:3      | Reached skill level 1 in Maces & Flails
  2855 | D:3      | Noticed a big kobold
  2863 | D:3      | Killed a big kobold
  2863 | D:3      | Reached XP level 5. HP: 36/42 MP: 3/7
  2978 | D:3      | Killed Sigmund
  2978 | D:3      | Reached XP level 6. HP: 27/50 MP: 2/8
  3435 | D:3      | Found a blossoming altar of Fedhas.
  3922 | D:4      | Found a runed translucent door.
  3923 | D:4      | Noticed Crazy Yiuf
  3931 | D:4      | Killed Crazy Yiuf
  4264 | D:5      | Entered Level 5 of the Dungeon
  4545 | D:5      | Found a sacrificial altar of Ru.
  4688 | D:5      | Reached XP level 7. HP: 56/57 MP: 9/9
  4694 | D:5      | Learned a level 3 spell: Confuse
  4706 | D:5      | Found a bloodstained altar of Trog.
  4749 | D:5      | Reached skill level 5 in Summonings
  4925 | D:5      | Noticed Blork the orc
  4935 | D:5      | Killed Blork the orc
  5079 | D:5      | Noticed Pikel
  5102 | D:5      | Killed Pikel
  5102 | D:5      | Reached XP level 8. HP: 18/66 MP: 6/10
  5332 | D:5      | Learned a level 1 spell: Corona
  5571 | D:6      | HP: 1/99 [orc warrior/cursed -1 scimitar (5)]
  5573 | D:6      | Mangled by an orc warrior

Levels and vault maps discovered:
D:1:      onia_arrival_larder, layout_rooms
D:2:      layout_basic, grunt_temple_overflow_open, nrook_loot_triangle,
          minmay_3d_cube
D:3:      layout_basic, first_ration, grunt_decor_arrowhead, fedhas_altar_4,
          uniq_sigmund, uniq_natasha
D:4:      minmay_evil_eye, layout_rooms, uniq_crazy_yiuf_cottage
D:5:      layout_gridville, nicolae_ru_sacrificial_ziggurat, bloody_trog,
          uniq_pikel, uniq_blork_the_orc
D:6:      layout_loops_ring, marbit_many_paths, minmay_temple_entry_offerings

Skill      XL: |  1  2  3  4  5  6  7 |
---------------+----------------------+-----
Fighting       | 1 2 3 4 |  4.3
Summonings     | 4 5 |  5.5
Slings         | 1 2 3 4 |  4.3
Maces & Flails | 1 2 3 |  3.5
Stealth        | 2 3 |  3.0
Dodging        | |  1.3
Spellcasting   | |  1.5

Action                   |  1- 3 |  4- 6 |  7- 9 || total
-------------------------+-------+-------+-------++-------
Melee: Unarmed           |    20 |       |       ||    20
       Kick              |    15 |    13 |    15 ||    43
       Spear             |    14 |       |       ||    14
       Whip              |    29 |       |       ||    29
       Mace              |    20 |    79 |    63 ||   162
       Club              |    15 |       |       ||    15
 Fire: Hunting sling     |    37 |    46 |     9 ||    92
 Cast: Summon Small Mamm |    26 |    12 |       ||    38
       Call Imp          |       |    11 |     7 ||    18
       Call Canine Famil |       |     7 |     2 ||     9
Evoke: Wand              |       |       |     6 ||     6
  Use: Scroll            |     4 |     6 |     1 ||    11
       Potion            |     3 |       |     4 ||     7
 Stab: Distracted        |       |     1 |       ||     1
  Eat: Chunk             |     1 |     9 |       ||    10
       Ration            |     1 |       |     1 ||     2
Armor: Ring mail         |    68 |    61 |       ||   129
       Robe              |     3 |       |       ||     3
       Scale mail        |       |    20 |    47 ||    67
       Skin              |       |       |     7 ||     7
Dodge: Dodged            |    63 |    33 |    27 ||   123
